 Dungeon Crawl Stone Soup version 0.32-a0-818-gb728d0252e (webtiles) character file.

Game seed: 7918019655161024550

3159 Maxmaps the Mimic (level 9, 0/66 HPs)
             Began as an Octopode Monk on Mar 25, 2024.
             Slain by a killer bee (7 damage)
             ... on level 8 of the Dungeon.
             The game lasted 00:11:27 (8549 turns).

Maxmaps the Mimic (Octopode Monk)                   Turns: 8549, Time: 00:11:28

Health: 0/66       AC:  1    Str: 10    XL:     9   Next: 94%
Magic:  9/9        EV: 13    Int: 17    God:
Gold:   682        SH:  0    Dex: 14    Spells: 8/8 levels left

rFire   . .          .
                       - Unarmed
rCold   + . .        (shield currently unavailable)
rNeg    . . .        (helmet restricted)
rPois   .            n - amulet of the acrobat
rElec   .            r - ring of protection from cold
rCorr   .            (no ring)
SInv    .            (no ring)
Will    .....        (no ring)
Stlth   ++++         (no ring)
HPRegen 0.31/turn    (no ring)
MPRegen 0.11/turn    (no ring)
                     (no ring)

%: acrobat
@: lethally poisoned (0 -> -9), blade tentacles, hasted, very quick
A: almost no armour, amphibious, 8 rings, camouflage 1, gelatinous body 1,
(nimble swimmer 1), tentacles
a: Begin Untransformation


You were on level 8 of the Dungeon.
You had blades for main tentacles.
You visited 2 branches of the dungeon, and saw 9 of its levels.
You also visited: Ossuary.

You collected 682 gold pieces.

Inventory:

Missiles
 d - a throwing net (quivered)
Armour
 b - an orb of light
Jewellery
 n - an amulet of the acrobat (around mantle)
 r - a ring of protection from cold (left blade tentacle)
Talismans
 f - a beast talisman
 g - a blade talisman (active)
Scrolls
 e - 8 scrolls of teleportation
 j - a scroll of blinking
 o - a scroll of identify
 p - a scroll of silence
 s - a scroll of enchant armour
Potions
 a - a potion of curing
 c - 5 potions of degeneration
 h - a potion of attraction
 i - 2 potions of might
 k - 2 potions of enlightenment
 l - 2 potions of berserk rage {unknown}
 m - a potion of magic {unknown}
 q - 2 potions of haste
 u - a potion of mutation {unknown}


   Skills:
 + Level 7.9 Fighting
 - Level 3.0 Dodging
 - Level 5.0 Stealth
 - Level 3.0 Unarmed Combat
 - Level 10.0 Shapeshifting


You had 8 spell levels left.
You didn't know any spells.
Your spell library contained the following spells:

 Spells                   Type           Power      Damage    Failure   Level
 Magic Dart               Conj           0%         1d3       24%         1
 Necrotise                Necr           0%         1d4       24%         1
 Blink                    Tloc           0%         N/A       34%         2
 Call Imp                 Summ           0%         N/A       34%         2
 Cigotuvi's Dreadful Rot  Necr/Alch/Air  0%         N/A       34%         2
 Lesser Beckoning         Tloc           0%         N/A       34%         2
 Mercury Vapours          Alch/Air       0%         N/A       34%         2
 Momentum Strike          Conj/Tloc      0%         3d8       34%         2
 Frozen Ramparts          Ice            0%         1d1       56%         3
 Hailstorm                Conj/Ice       0%         3d5       56%         3
 Mephitic Cloud           Conj/Alch/Air  0%         N/A       56%         3
 Ozocubu's Armour         Ice            0%         N/A       56%         3
 Summon Ice Beast         Ice/Summ       0%         N/A       56%         3
 Tukima's Dance           Hex            0%         N/A       56%         3
 Vampiric Draining        Necr           0%         2d6       56%         3
 Ignite Poison            Fire/Alch      0%         N/A       93%         4
 Martyr's Knell           Necr/Summ      0%         N/A       93%         4
 Passage of Golubria      Tloc           0%         N/A       93%         4
 Sticky Flame             Fire/Alch      0%         2d4       93%         4
 Curse of Agony           Necr           0%         N/A       100%        5
 Freezing Cloud           Conj/Ice/Air   0%         6-21      100%        5
 Metabolic Englaciation   Hex/Ice        0%         N/A       100%        5
 Yara's Violent Unravell  Hex/Alch       0%         3d3       100%        5
 Permafrost Eruption      Ice/Erth       0%         2x4d2     100%        6
 Sculpt Simulacrum        Ice/Alch       0%         N/A       100%        6
 Ignition                 Fire           0%         3d3       100%        8


Dungeon Overview and Level Annotations

Branches:
Dungeon (8/15)             Temple (1/1) D:6         Ossuary (visited)
   Lair: D:8-11

Altars:
Ashenzari
Cheibriados
Dithmenos
Fedhas
Gozag
Hepliaklqana
Kikubaaqudgha
Makhleb
Nemelex Xobeh
Okawaru
Vehumet
Xom
Yredelemnul
Zin
The Shining One

Shops:
D:1 (   D:3 :


Innate Abilities, Weirdness & Mutations

You have blades for main tentacles.
You are incapable of wielding weapons or throwing items.
You cannot wear most types of armour.
You are amphibious.
You can wear up to eight rings at the same time.
Your skin changes colour to match your surroundings (Stealth+).
Your rubbery body absorbs attacks. (AC +1, EV +1)
((You are camouflaged when in or above water. (Stealth+)))
You have tentacles for arms and can constrict up to eight enemies at once.


Message History

The killer bee stings you but does no damage. x2
A killer bee comes into view.
The killer bee barely misses you.
You feel yourself speed up. The killer bee stings you.
The killer bee misses you. The killer bee barely misses you.
The killer bee stings you!
The killer bee stings you but does no damage.
You feel much better.
The killer bee buzzes angrily.
The killer bee stings you. The killer bee stings you!
The killer bee stings you but does no damage.
You miss the killer bee. You grab the killer bee. You constrict the killer bee.
The killer bee completely misses you. The killer bee stings you.
The killer bee barely misses you. The killer bee closely misses you.
A killer bee comes into view.
The killer bee stings you! x2
You are poisoned.
The killer bee poisons you!
You closely miss the killer bee.
The killer bee buzzes angrily. x2
You grab the killer bee.
You constrict the killer bee. x2; You feel sick.
You hear an angry buzzing noise.
The killer bee barely misses you. The killer bee closely misses you. x2
You slash the killer bee! Your grab misses the killer bee.
The killer bee is heavily wounded.
You constrict the killer bee. x2; You feel sick.
The killer bee misses you. The killer bee stings you.
You are more poisoned.
The killer bee poisons you! The killer bee stings you.
* * * LOW HITPOINT WARNING * * *
The killer bee stings you.
* * * LOW HITPOINT WARNING * * *
The killer bee barely misses you. The killer bee stings you.
* * * LOW HITPOINT WARNING * * *
You slash the killer bee!
You kill the killer bee!
You constrict the killer bee. x2
* * * LOW HITPOINT WARNING * * *
You feel sick. The killer bee barely misses you. The killer bee stings you!
You die...

....## .....## )#
......### .###.
........## #.....
.....##..##
#......
....####..###
###....... ...##
##...###....y....
.#...#
##.....yy)y.y...
####.# ##)....@#
# ..# #..).)###
.ß##..)....#
.._#.......#
###..........
#.........#
#.........#
#..........#
#..........#


You could see 5 killer bees.

Vanquished Creatures
  A wyvern (D:7)
  A wraith (D:7)
  A steam dragon (D:7)
  Duvessa (D:4)
  An ice beast (D:5)
  A sky beast (D:6)
  An ogre (D:5)
  A centaur (D:5)
  A kobold brigand (D:7)
  3 bullfrogs
  3 scorpions
  8 wights
  Dowan (D:4)
  2 killer bees (D:8)
  3 bombardier beetles
  5 hounds
  2 jellies
  3 orc priests (D:3)
  A gnoll bouda (D:7)
  4 iguanas
  7 orc wizards
  4 sleepcaps
  9 mummies
  13 adders
  4 gnolls (D:7)
  A shadow imp (D:6)
  6 white imps
  2 dart slugs
  3 ribbon worms
  41 orcs
  7 ball pythons
  7 bats
  13 endoplasms
  2 giant cockroaches
  4 gnoll zombies (Ossuary)
  14 goblins
  9 hobgoblins
  5 jackals
  7 quokkas
  3 frilled lizards
  2 goblin zombies (D:5)
  3 hobgoblin zombies (Ossuary)
  9 kobolds
  A kobold zombie (Ossuary)
  7 rats
227 creatures vanquished.

Notes
Turn   | Place    | Note
-------+----------+-------------------------------------------
     0 | D:1      | Maxmaps the Octopode Monk began the quest for the Orb.
     0 | D:1      | Reached XP level 1. HP: 16/16 MP: 1/1
    49 | D:1      | Reached skill level 1 in Stealth
   149 | D:1      | Reached XP level 2. HP: 21/21 MP: 2/2
   360 | D:1      | Reached XP level 3. HP: 26/26 MP: 3/3
   430 | D:1      | Found Duump's Weapon Boutique.
  1042 | D:2      | Reached skill level 5 in Stealth
  1122 | D:2      | Reached XP level 4. HP: 31/31 MP: 4/4
  1309 | D:2      | You fall into a shaft and drop 2 floors!
  1554 | D:3      | Reached XP level 5. HP: 31/37 MP: 5/5
  1648 | D:3      | Found Fifuewon's Book Shop.
  1811 | D:3      | Reached skill level 1 in Shapeshifting
  1821 | D:3      | Reached skill level 2 in Shapeshifting
  2032 | D:3      | Reached XP level 6. HP: 24/43 MP: 6/6
  2205 | D:2      | Reached skill level 3 in Shapeshifting
  2917 | D:4      | Noticed Duvessa
  2917 | D:4      | Noticed Dowan
  2943 | D:4      | Killed Duvessa
  2944 | D:4      | Reached skill level 4 in Shapeshifting
  2949 | D:4      | Killed Dowan
  3066 | D:4      | Reached XP level 7. HP: 33/48 MP: 7/7
  3299 | D:4      | Reached skill level 5 in Shapeshifting
  3322 | D:4      | Found a broken altar of Ashenzari.
  3935 | D:5      | Entered Level 5 of the Dungeon
  4231 | D:5      | Reached skill level 6 in Shapeshifting
  4276 | D:5      | Found a sand-covered staircase.
  4300 | Ossuary  | Entered an ossuary
  4405 | Ossuary  | Reached XP level 8. HP: 54/54 MP: 8/8
  4628 | D:5      | Reached skill level 7 in Shapeshifting
  4653 | D:5      | HP: 2/54 [ogre/+0 giant club (26)]
  4940 | D:5      | Reached skill level 8 in Shapeshifting
  5904 | D:6      | Found a staircase to the Ecumenical Temple.
  5922 | Temple   | Entered the Ecumenical Temple
  6179 | D:6      | Reached skill level 9 in Shapeshifting
  6245 | D:6      | Reached XP level 9. HP: 58/58 MP: 9/9
  6466 | D:6      | Reached skill level 10 in Shapeshifting
  6828 | D:6      | Found a sparkling altar of Nemelex Xobeh.
  7313 | D:7      | Reached skill level 5 in Fighting
  8513 | D:8      | Found an opulent altar of Gozag.
  8549 | D:8      | Slain by a killer bee

Illustrated notes

Levels and vault maps discovered:
D:1:      amcnicky_arrival_abandoned_market, layout_basic, serial_shops,
          nicolae_shop_bloodbath_and_beyond, minmay_pentomino_o2
D:2:      layout_loops_ring
D:3:      cheibrodos_pilgrimage, layout_loops_corners, serial_shops,
          nicolae_shop_pleasant_corner_grove, minmay_box_of_dots
D:4:      layout_basic, cheibrodos_ashenzari_chains, serial_library,
          serial_library_hellmonk_open_cross,
          serial_library_hellmonk_filled_rooms,
          serial_library_hellmonk_long_bookcase,
          serial_library_hellmonk_metal_room,
          serial_library_regret_index_small_wings,
          serial_library_hellmonk_u_bend, serial_library_hellmonk_room_b,
          serial_library_hellmonk_double_dead_end, uniq_duvessa
D:5:      layout_layer_cave, nicolae_ossuary_entry_giza, nrook_uturn,
          minmay_pentangle
D:6:      layout_loops_ring, lemuel_crystal_altar, minmay_temple_entry_hall,
          hangedman_decor_points, nicolae_figureground_pulse
D:7:      layout_basic
D:8:      layout_cave_pods, minitemple
Temple:   nicolae_temple_hex_pool

Skill      XL: |  1  2  3  4  5  6  7  8  9 |
---------------+----------------------------+-----
Stealth        | 2 3 5 |  5.0
Fighting       | 4 7 |  7.9
Shapeshifting  | 2 4 6 9 10 | 10.0
Dodging        | |  3.0
Unarmed Combat | |  3.0

Action                     |  1- 3 |  4- 6 |  7- 9 || total
---------------------------+-------+-------+-------++-------
  Melee: Unarmed           |    80 |   115 |   309 ||   504
         Constrict         |    26 |    32 |    93 ||   151
         Tentacles         |    12 |    30 |    84 ||   126
         Punch             |     2 |     4 |     3 ||     9
    Use: Scroll            |       |     3 |     9 ||    12
         Potion            |       |       |    15 ||    15
   Stab: Sleeping          |     6 |    14 |    17 ||    37
 Armour: Skin              |    34 |    49 |   160 ||   243
  Dodge: Dodged            |    55 |    50 |   166 ||   271
   Form: Beast             |       |     1 |       ||     1
         Blade             |       |       |     1 ||     1

Table legend: (Time is in decaauts)
 A = Elapsed time spent in this place.
 B = Non-inter-level travel time spent in this place.
 C = Inter-level travel time spent in this place.
 D = Time resting spent in this place.
 E = Time spent auto-exploring this place.
 F = Levels seen in this place.
 G = Mean time per level.
                   A        B        C        D        E       F      G
               +--------+--------+--------+--------+--------+-----+--------+
         Total |   8532 |   7990 |    542 |   1218 |   5385 |  10 |  853.2 |
       Dungeon |   8229 |   7738 |    491 |   1218 |   5257 |   8 | 1028.6 |
        Temple |     52 |      1 |     51 |      0 |      0 |   1 |   52.0 |
       Ossuary |    250 |    250 |      0 |      0 |    128 |   1 |  250.0 |
               +--------+--------+--------+--------+--------+-----+--------+

Top non-repeatable levels by time:
     D:5: 1610 daAuts
     D:7: 1451 daAuts
     D:6: 1205 daAuts
     D:3: 1109 daAuts
     D:4: 1034 daAuts
     D:1: 945 daAuts
     D:2: 835 daAuts
 Ossuary: 250 daAuts
  Temple: 52 daAuts
     D:8: 35 daAuts
